 Dungeon Crawl Stone Soup version 0.31.0-32-g396128a36d (webtiles) character file.

Game seed: 9177303468545667367

1826 Xeneth the Grappler (level 8, -5/78 HPs)
             Began as a Troll Monk on Mar 15, 2024.
             Slain by a yak (10 damage)
             ... on level 6 of the Dungeon.
             The game lasted 00:08:02 (3010 turns).

Xeneth the Grappler (Troll Monk)                    Turns: 3010, Time: 00:08:02

Health: -5/78      AC:  8    Str: 24    XL:     8   Next: 86%
Magic:  7/7        EV: 12    Int: 10    God:
Gold:   308        SH:  0    Dex: 18    Spells: 7/7 levels left

rFire   . .          .
                       - Unarmed
rCold   . . .        c - orb {light}
rNeg    . . .        o - +4 robe of Augmentation {Str+4 Int+4 Dex+4}
rPois   .            (helmet restricted)
rElec   .            (no cloak)
rCorr   .            (gloves unavailable)
SInv    .            (boots unavailable)
Will    .....        m - amulet of regeneration
Stlth   +            (no ring)
HPRegen 1.93/turn    (no ring)
MPRegen 0.10/turn

%: no passive effects
@: glowing
A: large, unfitting armour, claws 3, regeneration 1, shaggy fur 1, tough skin 1
a: no special abilities


You were on level 6 of the Dungeon.
You visited 1 branch of the dungeon, and saw 6 of its levels.

You collected 308 gold pieces.

Inventory:

Missiles
 p - 5 silver javelins (quivered)
 y - 2 throwing nets
Armour
 a - a +0 robe
 c - an orb of light (worn)
 o - the +4 robe of Augmentation (worn) {Str+4 Int+4 Dex+4}
   (You found it on level 3 of the Dungeon)

   Str+4:     It affects your strength (+4).
   Int+4:     It affects your intelligence (+4).
   Dex+4:     It affects your dexterity (+4).
 q - a +2 robe of willpower
Jewellery
 m - an amulet of regeneration (around neck)
Talismans
 r - a maw talisman
Wands
 v - a wand of flame (30)
Scrolls
 d - 5 scrolls of teleportation {unknown}
 h - 6 scrolls of identify {unknown}
 j - a scroll of vulnerability {unknown}
 k - 2 scrolls of immolation {unknown}
 l - a scroll of butterflies {unknown}
 n - a scroll of revelation {unknown}
 t - a scroll of blinking {unknown}
 u - a scroll of acquirement {unknown}
 x - a scroll of brand weapon {unknown}
Potions
 b - 2 potions of ambrosia
 e - 4 potions of curing {unknown}
 f - 2 potions of haste {unknown}
 g - a potion of might {unknown}
 i - 3 potions of degeneration {unknown}
 s - a potion of mutation {unknown}
 w - a potion of enlightenment {unknown}


   Skills:
 + Level 4.2 Fighting
 + Level 5.1 Dodging
 + Level 1.0 Stealth
 + Level 9.5 Unarmed Combat


You had 7 spell levels left.
You didn't know any spells.
Your spell library contained the following spells:

 Spells                   Type           Power      Damage    Failure   Level
 Lesser Beckoning         Tloc           0%         N/A       50%         2
 Static Discharge         Conj/Air       0%         3-3/arc   50%         2
 Gell's Gravitas          Tloc           0%         N/A       75%         3
 Teleport Other           Tloc           0%         N/A       75%         3
 Airstrike                Air            0%         2d(0-16)  98%         4
 Animate Armour           Summ/Erth      0%         N/A       98%         4
 Summon Lightning Spire   Summ/Air       0%         N/A       98%         4
 Lee's Rapid Deconstruct  Erth           0%         3d4*      100%        5


Dungeon Overview and Level Annotations

Branches:
Dungeon (6/15)             Temple (0/1) D:5

Altars:
Nemelex Xobeh
Okawaru

Shops:
D:5 *


Innate Abilities, Weirdness & Mutations

You are too large for most types of armour.
You have claws for hands.
Your natural rate of healing is unusually fast.
You are covered in fur. (AC +1)
You have tough skin. (AC +1)


Message History

The yak gores you but does no damage. x2; The yak gores you.
You claw the yak!
The yak is severely wounded.
The yak misses you. The yak gores you but does no damage.
The yak barely misses you.
You claw the yak!
You kill the yak!
The yak barely misses you. The yak gores you but does no damage.
Your Unarmed Combat skill increases to level 9!
You mangle the yak!!
The yak is almost dead.
The yak gores you but does no damage. The yak misses you. The yak gores you.
You scratch the yak.
The yak is lightly wounded.
The yak gores you but does no damage. The yak gores you! x2
* * * LOW HITPOINT WARNING * * *
You claw the yak!
The yak is lightly wounded.
You scratch the yak but do no damage.
The yak is lightly wounded.
The yak gores you.
* * * LOW HITPOINT WARNING * * *
The yak gores you!
* * * LOW HITPOINT WARNING * * *
The yak barely misses you.
You claw the yak!
You kill the yak!
The gnoll hits you but does no damage. The yak misses you. The yak gores you.
* * * LOW HITPOINT WARNING * * *
You scratch the gnoll.
The gnoll is moderately wounded.
The yak barely misses you. The yak gores you.
* * * LOW HITPOINT WARNING * * *
The gnoll closely misses you.
You claw the gnoll!
You kill the gnoll!
The yak gores you!
* * * LOW HITPOINT WARNING * * *
The yak gores you!
You die...

#####...# .. #...# .. ##.
#...# ... ... #...# .....
#.) #######...####
.....####.###.............
..(.....#.#...............
.....#..YY................
.....#..#@#>.######...####
........).#..# #...#
#####....#..# #...#
#..###..# #...# #.)###..#
#...# #.......######[#.##
........####.......###.#
#######.####..#.###.#.##
#.##....[....#.#####


You could see 2 yaks.

Vanquished Creatures
  A hornet (D:6)
  4 yaks (D:6)
  Eustachio (D:6)
  3 black bears
  A bullfrog (D:6)
  2 scorpions
  A jelly (D:5)
  An orc priest (D:2)
  2 hounds
  A sleepcap (D:5)
  13 gnolls
  11 adders
  3 dart slugs
  A ribbon worm (D:3)
  6 orcs
  8 bats
  8 endoplasms
  3 giant cockroaches
  4 goblins
  12 hobgoblins
  4 jackals (D:2)
  2 quokkas
  6 ball pythons
  2 frilled lizards (D:1)
  13 kobolds
  9 rats
122 creatures vanquished.

Notes
Turn   | Place    | Note
-------+----------+-------------------------------------------
     0 | D:1      | Xeneth the Troll Monk began the quest for the Orb.
     0 | D:1      | Reached XP level 1. HP: 22/22 MP: 0/0
    97 | D:1      | Reached XP level 2. HP: 29/29 MP: 1/1
   263 | D:1      | Reached XP level 3. HP: 36/36 MP: 2/2
   376 | D:1      | Found a faded altar of an unknown god.
   615 | D:2      | Reached skill level 4 in Unarmed Combat
   679 | D:2      | Reached XP level 4. HP: 44/44 MP: 3/3
   905 | D:2      | Found an iron altar of Okawaru.
  1037 | D:3      | Reached XP level 5. HP: 46/53 MP: 4/4
  1246 | D:3      | Found the +4 robe of Augmentation {Str+4 Int+4 Dex+4}
  1278 | D:3      | Reached skill level 5 in Unarmed Combat
  1563 | D:3      | Reached XP level 6. HP: 57/61 MP: 5/5
  1726 | D:4      | Reached skill level 6 in Unarmed Combat
  2153 | D:5      | Entered Level 5 of the Dungeon
  2153 | D:5      | Found a sparkling altar of Nemelex Xobeh.
  2221 | D:5      | Found a staircase to the Ecumenical Temple.
  2269 | D:5      | Reached XP level 7. HP: 33/67 MP: 6/6
  2304 | D:5      | Found Ufaj's General Store.
  2679 | D:6      | Noticed Eustachio
  2684 | D:6      | Reached skill level 7 in Unarmed Combat
  2707 | D:6      | Killed Eustachio
  2775 | D:6      | Noticed a hornet
  2793 | D:6      | Killed a hornet
  2794 | D:6      | Reached XP level 8. HP: 42/78 MP: 7/7
  2927 | D:6      | Reached skill level 8 in Unarmed Combat
  2995 | D:6      | Reached skill level 1 in Stealth
  3001 | D:6      | Reached skill level 5 in Dodging
  3004 | D:6      | Reached skill level 9 in Unarmed Combat
  3010 | D:6      | Slain by a yak

Illustrated notes

Levels and vault maps discovered:
D:1:      minmay_arrival_wavy_path, layout_rooms,
          hellmonk_ecumenical_altar_heavens_door, lexackson_kobold_supper
D:2:      layout_rooms, basic_altar
D:3:      layout_basic
D:4:      layout_basic, serial_aquarium, aquarium_bridge_square
          [aquarium_subvault_window, aquarium_subvault_wall,
          aquarium_subvault_window, aquarium_subvault_bridge],
          aquarium_window_2, aquarium_window_fake, aquarium_window_corridor_1,
          aquarium_view_2b, aquarium_view_2f, mrwooster_statue_mirror,
          nicolae_elevator_lobby_plus
D:5:      layout_cave_pools, nemelex_xobeh_ov_fountains_minmay, temple_hall,
          serial_shops, nicolae_shop_peninsula
D:6:      layout_loops_cross, serial_bayou, serial_bayou_shore_b,
          serial_bayou_pond_a, serial_bayou_lagoon_a, uniq_eustachio

Skill      XL: |  1  2  3  4  5  6  7  8 |
---------------+-------------------------+-----
Unarmed Combat | 4 5 6 7 9 |  9.5
Dodging        | 3 4 5 |  5.1
Fighting       | 3 4 |  4.2
Stealth        | 1 |  1.0

Action                     |  1- 3 |  4- 6 |  7- 9 || total
---------------------------+-------+-------+-------++-------
  Melee: Unarmed           |    89 |   132 |    78 ||   299
 Armour: Robe              |    48 |    92 |    55 ||   195
  Dodge: Dodged            |    46 |    87 |    55 ||   188
